 Dungeon Crawl Stone Soup version 0.29.1-12-g30fa7ad0bf (webtiles) character file.

Game seed: 13516136069611588563

160243 RatsInWalls the Severer (level 17, 158/158 HPs)
             Began as a Hill Orc Monk on Nov 13, 2022.
             Was the Champion of Beogh.
             Quit the game on level 1 of the Spider Nest on Jan 14, 2023.
             The game lasted 02:29:58 (35420 turns).

RatsInWalls the Severer (Hill Orc Monk)            Turns: 35420, Time: 02:29:59

Health: 158/158    AC: 36    Str: 22    XL:     17   Next: 46%
Magic:  29/29      EV: 10    Int: 10    God:    Beogh [******]
Gold:   1696       SH: 13    Dex: 17    Spells: 16/16 levels left

rFire   + . .      SeeInvis .   i - +7 broad axe (elec)
rCold   + . .      Faith    +   l - +0 kite shield
rNeg    + . .      Spirit   .   A - +2 plate armour {rF+}
rPois   .          Reflect  .   R - +2 helmet
rElec   +          Harm     .   S - +1 cloak
rCorr   .          Rampage  .   Y - +4 pair of gloves of Hospitality {rElec Will+}
Will    +++..                   p - +0 pair of boots "Yraquile" {rC+ Will+ Dex+4}
Stlth   ..........              h - amulet of faith
HPRegen 0.36/turn               v - +4 ring of protection
MPRegen 0.21/turn               F - ring of positive energy

@: no status effects
A: walk on water
}: 1/15 runes: barnacled
a: Renounce Religion, Smiting, Recall Orcish Followers, Give Item to Named
Follower, Resurrection


You were on level 1 of the Spider Nest.
You worshipped Beogh.
Beogh was exalted by your worship.
You visited 6 branches of the dungeon, and saw 28 of its levels.
You visited 1 bazaar.
You also visited: Gauntlet.

You collected 2518 gold pieces.
You spent 822 gold pieces at shops.

Inventory:

Hand Weapons
 i - a +7 broad axe of electrocution (weapon)
Missiles
 Q - 2 boomerangs of dispersal (quivered)
 X - a throwing net
Armour
 a - a +3 plate armour of fire resistance
 e - a +2 tower shield
 l - a +0 kite shield (worn)
 p - the +0 pair of boots "Yraquile" (worn) {rC+ Will+ Dex+4}
   (You found it on level 2 of the Dungeon)

   Dex:       It affects your dexterity (+4).
   rC:        It protects you from cold.
   Will:      It increases your willpower.
 A - a +2 plate armour of fire resistance (worn)
 E - a +0 buckler
 R - a +2 helmet (worn)
 S - a +1 cloak (worn)
 U - a +0 kite shield
 Y - the +4 pair of gloves of Hospitality (worn) {rElec Will+}
   (You acquired it on level 5 of the Lair of Beasts)

   rElec:     It insulates you from electricity.
   Will:      It increases your willpower.
Jewellery
 h - an amulet of faith (around neck)
 v - a +4 ring of protection (left hand)
 F - a ring of positive energy (right hand)
 T - a ring of positive energy
Wands
 w - a wand of flame (31)
 y - a wand of charming (30)
 z - a wand of polymorph (12)
 K - a wand of digging (21)
 M - a wand of roots (9)
Scrolls
 d - a scroll of magic mapping
 g - 15 scrolls of teleportation
 k - 5 scrolls of blinking
 q - 6 scrolls of fear
 x - 13 scrolls of fog
 I - 5 scrolls of enchant armour
Potions
 c - 5 potions of ambrosia
 f - 2 potions of curing
 j - 6 potions of flight
 n - 2 potions of berserk rage
 t - 4 potions of mutation
 u - 7 potions of haste
 B - 2 potions of attraction
 G - 4 potions of invisibility
 N - 4 potions of might
 O - 4 potions of magic
 V - a potion of cancellation
 Z - 2 potions of lignification
Miscellaneous
 b - a phantom mirror
 L - a condenser vane


   Skills:
 + Level 16.3 Fighting
 - Level 17.6(18.0) Axes
 - Level 4.7(10.8) Maces & Flails
 + Level 14.6 Armour
 + Level 8.4 Dodging
 - Level 1.7 Stealth
 + Level 14.2 Shields
 + Level 17.0 Invocations
 - Level 4.1 Evocations


You had 16 spell levels left.
You didn't know any spells.
Your spell library contained the following spells:

 Spells                   Type           Power      Damage    Failure   Level
 Apportation              Tloc           0%         N/A       100%        1
 Foxfire                  Conj/Fire      0%         2x1d4     100%        1
 Necrotise                Necr           0%         1d4       100%        1
 Slow                     Hex            0%         N/A       100%        1
 Summon Small Mammal      Summ           0%         N/A       100%        1
 Blink                    Tloc           0%         N/A       100%        2
 Sublimation of Blood     Necr           0%         N/A       100%        2
 Wereblood                Tmut           0%         N/A       100%        2
 Call Canine Familiar     Summ           0%         N/A       100%        3
 Confusing Touch          Hex            0%         N/A       100%        3
 Conjure Flame            Conj/Fire      0%         6-21      100%        3
 Ignite Poison            Fire/Tmut/Pois 0%         N/A       100%        3
 Inner Flame              Hex/Fire       0%         N/A       100%        3
 Lesser Beckoning         Tloc           0%         N/A       100%        3
 Portal Projectile        Hex/Tloc       0%         N/A       100%        3
 Vampiric Draining        Necr           0%         2d6       100%        3
 Animate Armour           Summ/Erth      0%         N/A       100%        4
 Flame Wave               Conj/Fire      0%         2d4       100%        4
 Fulminant Prism          Conj/Hex       0%         3d6       100%        4
 Iskenderun's Mystic Bla  Conj/Tloc      0%         2d3       100%        4
 Leda's Liquefaction      Hex/Erth       0%         N/A       100%        4
 Sticky Flame             Conj/Fire      0%         2d3       100%        4
 Blade Hands              Tmut           0%         N/A       100%        5
 Lee's Rapid Deconstruct  Erth           0%         3d5*      100%        5
 Manifold Assault         Tloc           0%         N/A       100%        5
 Iron Shot                Conj/Erth      0%         9d1       100%        6
 Summon Hydra             Summ           0%         N/A       100%        7


Dungeon Overview and Level Annotations

Branches:
Dungeon (15/15)            Temple (0/1) D:5            Lair (5/5) D:8
 Shoals (4/4) Lair:2       Spider (1/4) Lair:3        Slime (0/5) Lair:4
    Orc (2/2) D:10            Elf (0/3) Orc:2        Vaults (1/5) D:14
 Depths (0/4) D:15        Gauntlet (visited)

Altars:
Ashenzari
Hepliaklqana
Kikubaaqudgha
Makhleb
Nemelex Xobeh
Ru
Vehumet
Xom
Yredelemnul
Zin
The Shining One
Beogh
Jiyva

Shops:
Orc:2 :?(:   Shoals:1 (   Shoals:3 *

Portals:
Hell: Lair:5


Message History

The redback simulacrum freezes your orc wizard!!
Your orc wizard gestures at the wolf spider simulacrum while chanting.
The magic dart hits the wolf spider simulacrum!
Your orc knight hits the wolf spider simulacrum from afar with a +0 trident!!
The wolf spider simulacrum vaporises!
You swap places.
You block the redback simulacrum's attack.
Your orc knight hits the redback simulacrum from afar with a +0 trident!!
You slash the redback simulacrum!
The redback simulacrum vaporises!
Unknown command.
You swap places.
You see here a +0 mace.
Your orc wizard no longer looks unusually strong.
Found a potion of flight.
Your orc warrior no longer looks unusually strong.
What are your orders? t - Shout!
Orders for allies: a - Attack new target. r - Retreat! s - Stop attacking. g - Guard the area. f - Follow me.
Anything else - Cancel.
Okay, then.
You start resting.
HP restored.
j - 6 potions of flight (gained 1)
You swap places.
Save game and exit?
Welcome back, RatsInWalls the Hill Orc Monk.
Beogh says: Drown the unbelievers in a sea of blood!
Press ? for a list of commands and other information.
Save game and exit?
Welcome back, RatsInWalls the Hill Orc Monk.
Beogh says: Drown the unbelievers in a sea of blood!
Press ? for a list of commands and other information.
Save game and exit?
Welcome back, RatsInWalls the Hill Orc Monk.
Beogh says: Drown the unbelievers in a sea of blood!
Press ? for a list of commands and other information.
Are you sure you want to abandon this character and quit the game? (Confirm with "yes".)

# #. ##... .. #...
...##.# .# ##...#.# #
#..#.#.##
###......###
#####...#..#...####
..##.#..#..#......###
#.)........###......#
......#>#...##.#@#
...#.###.#....#o##
.##...####..#..o##
#.^^### #.###...#
##.## ### ###.# ###
##


You could see a friendly orc warrior and a friendly orc wizard.

Vanquished Creatures
  Mlioglotl (Spider:1)
  A kraken (Shoals:3)
  Frances (Spider:1)
  Louise (Spider:1)
  A stone giant (Shoals:4)
  3 merfolk impalers
  A rakshasa (D:15)
  A boulder beetle (D:15)
  4 centaur warriors
  A merfolk aquamancer (Shoals:4)
  3 two-headed ogres
  3 ogre magi
  A tengu warrior (D:11)
  4 death yaks (Lair:3)
  A sun demon (Lair:5)
  10 sea snakes
  2 steelbarb worms (Spider:1)
  An orb spider (Spider:1)
  A wizard (Lair:5)
  Pikel (D:9)
  9 manticores
  A deep elf pyromancer (D:14)
  2 orc sorcerers (Orc:2)
  11 harpies
  3 cyclopes
  9 fauns
  6 wolf spiders (Spider:1)
  5 ugly things
  An elephant (Lair:3)
  4 merfolk sirens
  An ice statue (D:15)
  A gargoyle (D:11)
  An orange demon (Lair:5)
  3 rime drakes
  3 cane toads
  An efreet (D:13)
  A kobold demonologist (D:11)
  4 komodo dragons
  An unseen horror (D:11)
  A komodo dragon (shapeshifter) (D:11)
  A demonic crawler (Spider:1)
  3 trolls
  A tengu conjurer (D:13)
  A queen bee (D:13)
  A polar bear (shapeshifter) (D:15)
  3 tarantellas (Spider:1)
  10 merfolk
  A hornet (D:5)
  4 wind drakes
  5 meliai
  9 slime creatures
  6 dream sheep
  A blink frog (Lair:2)
  5 snapping turtles
  3 jumping spiders (Spider:1)
  2 shadows
  Sigmund (D:5)
  2 wraiths
  6 culicivoras (Spider:1)
  2 water elementals (Shoals:1)
  2 wyverns
  8 yaks
  A basilisk (Lair:2)
  12 redbacks
  A steam dragon (D:7)
  A warg (Orc:1)
  8 water moccasins
  6 ice beasts
  2 sky beasts
  An orc warrior (D:6)
  4 ogres
  A wolf (Lair:3)
  11 centaurs
  A lemure (D:9)
  A kobold brigand (D:11)
  2 bullfrogs
  2 scorpions (D:4)
  2 wights (D:9)
  8 killer bees
  A howler monkey (D:10)
  4 jellies
  3 hounds
  A gnoll bouda (D:5)
  Ijyb (D:3)
  Natasha (thrice) (D:3)
  3 iguanas
  7 orc wizards
  8 gnolls
  4 adders
  A shadow imp (D:7)
  2 white imps
  5 worms
  2 dart slugs (D:1)
  17 orcs
  3 bat skeletons (D:7)
  2 bat zombies (D:7)
  7 endoplasms
  6 goblins
  5 hobgoblins
  2 jackals (D:2)
  22 kobolds
  10 ball pythons
  6 bats
  6 frilled lizards
  A jackal skeleton (D:8)
  A kobold zombie (D:8)
  2 rats (D:2)
  2 tentacles (Shoals:3)
388 creatures vanquished.

Vanquished Creatures (collateral kills)
  Ilsuiw (Shoals:4)
  An azure jelly (Lair:5)
  An orc warlord (Orc:1)
  A broodmother (Spider:1)
  An entropy weaver (Spider:1)
  A spark wasp (Spider:1)
  2 merfolk javelineers (Shoals:4)
  2 merfolk impalers (Shoals:4)
  9 hydras
  An ice dragon (D:15)
  2 ogre magi (Orc:2)
  5 two-headed ogres
  A merfolk avatar (Shoals:3)
  3 catoblepae
  3 centaur warriors
  A merfolk aquamancer (Shoals:4)
  6 satyrs
  4 death yaks
  Sonja (Orc:2)
  9 sea snakes
  A pharaoh ant (Spider:1)
  A glowing orange brain (D:15)
  21 harpies
  A mana viper (shapeshifter) (D:15)
  2 deep elf pyromancers
  7 ugly things
  An orc knight (Orc:2)
  7 elephants
  8 cyclopes
  2 orc sorcerers (Orc:2)
  5 manticores
  5 merfolk sirens (Shoals:4)
  4 black mambas
  5 fauns
  2 water nymphs
  A smoke demon (Lair:5)
  5 cane toads (Lair:5)
  4 kobold demonologists
  6 komodo dragons
  A demonic crawler (Spider:1)
  A tengu conjurer (D:13)
  2 red devils (Lair:5)
  A yaktaur (D:11)
  2 ice devils (Lair:5)
  7 trolls
  2 freezing wraiths
  11 merfolk
  2 meliai
  2 polar bears (Lair:5)
  2 wind drakes
  5 blink frogs
  Prince Ribbit (D:7)
  11 slime creatures
  3 snapping turtles
  6 dream sheep
  2 culicivoras (Spider:1)
  3 water elementals
  A jumping spider (Spider:1)
  A shadow (D:11)
  2 vampires
  2 wyverns
  2 wraiths
  32 yaks
  A basilisk (Lair:2)
  A human (D:8)
  4 redbacks (D:13)
  A warg (Orc:1)
  8 water moccasins
  5 hell hounds (Lair:5)
  7 orc warriors
  5 ice beasts
  A black bear (Lair:2)
  2 sky beasts
  7 ogres
  10 centaurs
  2 wolves (Lair:3)
  6 kobold brigands
  2 lemures (D:9)
  6 bullfrogs
  A necrophage (D:6)
  2 gnoll sergeants
  2 wights (D:9)
  9 killer bees
  3 howler monkeys
  2 jellies (Lair:5)
  2 orc priests
  10 orc wizards
  A hell rat (Lair:5)
  8 gnolls
  2 adders (D:5)
  A white imp (D:15)
  7 orcs
  6 kobolds
  A bush (Lair:5)
372 creatures vanquished.

Vanquished Creatures (others)
  2 orc warlords (Shoals:4)
  An orc knight (Shoals:4)
  A satyr (Shoals:4)
  2 orc sorcerers
  4 orc warriors
  A centaur (Shoals:2)
  A gnoll sergeant (D:10)
  14 orc wizards
  2 orc priests
  34 orcs
  A ball python (D:3)
  27 fungi
  222 plants
  2 tentacles (Shoals:3)
  2 toadstools (D:3)
316 creatures vanquished.

Grand Total: 1076 creatures vanquished

Notes
Turn   | Place    | Note
-------+----------+-------------------------------------------
     0 | D:1      | RatsInWalls the Hill Orc Monk began the quest for the Orb.
     0 | D:1      | Reached XP level 1. HP: 19/19 MP: 1/1
   375 | D:1      | Reached XP level 2. HP: 23/27 MP: 2/2
  1082 | D:1      | Reached XP level 3. HP: 30/33 MP: 3/3
  1175 | D:1      | Found a faded altar of an unknown god.
  1401 | D:2      | Reached skill level 1 in Armour
  2535 | D:2      | Identified the +0 pair of boots "Yraquile" {rC+ Will+
                  | Dex+4}
  2817 | D:2      | Reached XP level 4. HP: 28/41 MP: 4/4
  3259 | D:3      | Became a worshipper of Beogh the Brigand
  3259 | D:3      | Reached * piety under Beogh
  3259 | D:3      | Reached ** piety under Beogh
  3268 | D:3      | Reached skill level 5 in Axes
  3691 | D:3      | Noticed Natasha
  3698 | D:3      | Killed Natasha
  3699 | D:3      | Reached skill level 1 in Invocations
  3887 | D:3      | Noticed Natasha
  3902 | D:3      | Noticed Ijyb
  3913 | D:3      | Killed Ijyb
  3914 | D:3      | Reached XP level 5. HP: 27/47 MP: 2/6
  3965 | D:3      | Killed Natasha
  4176 | D:3      | Noticed Natasha
  4190 | D:3      | Killed Natasha
  4191 | D:3      | Reached skill level 5 in Fighting
  4742 | D:4      | Reached XP level 6. HP: 56/56 MP: 7/7
  5008 | D:4      | Found a sparkling altar of Nemelex Xobeh.
  5261 | D:4      | Reached *** piety under Beogh
  5284 | D:4      | Noticed an ice beast
  5287 | D:4      | Killed an ice beast
  5288 | D:4      | Reached skill level 1 in Shields
  5288 | D:4      | Reached XP level 7. HP: 62/62 MP: 5/9
  5877 | D:5      | Entered Level 5 of the Dungeon
  6012 | D:5      | Noticed a hornet
  6031 | D:5      | Paralysed by a hornet for 1 turns
  6037 | D:5      | Killed a hornet
  6038 | D:5      | Reached XP level 8. HP: 22/71 MP: 5/11
  6367 | D:5      | Identified the +4 spear of Crystal {holy, rF- rC+ Int+4}
  6728 | D:5      | Found a glowing silver altar of Zin.
  6830 | D:5      | Reached skill level 5 in Invocations
  6853 | D:5      | Found a staircase to the Ecumenical Temple.
  6873 | D:5      | Reached skill level 1 in Maces & Flails
  6997 | D:5      | Reached skill level 5 in Armour
  7066 | D:5      | Found a sacrificial altar of Ru.
  7132 | D:5      | Noticed Sigmund
  7142 | D:5      | Killed Sigmund
  7365 | D:6      | Noticed a two-headed ogre
  7525 | D:6      | Reached XP level 9. HP: 37/79 MP: 13/13
  7779 | D:6      | Found a burning altar of Makhleb.
  7827 | D:6      | Found a shimmering altar of Xom.
  7829 | D:6      | Found a shimmering altar of Xom.
  7829 | D:6      | Found a shimmering altar of Xom.
  7831 | D:6      | Found a shimmering altar of Xom.
  7831 | D:6      | Found a shimmering altar of Xom.
  8331 | D:6      | Killed a two-headed ogre
  8339 | D:6      | Reached skill level 5 in Shields
  8866 | D:7      | Found a glowing golden altar of the Shining One.
  8952 | D:7      | Noticed Prince Ribbit
  8971 | D:7      | Killed Prince Ribbit
  9441 | D:7      | Found a hazy altar of Hepliaklqana.
  9795 | D:7      | Reached XP level 10. HP: 90/90 MP: 15/15
  9888 | D:7      | Reached **** piety under Beogh
  9891 | D:7      | Found an ancient bone altar of Kikubaaqudgha.
  9984 | D:6      | Identified a scroll of acquirement
  9984 | D:6      | Acquired a manual of Axes
 10388 | D:8      | Gained Alork as an ally
 10503 | D:8      | Found a runed translucent door.
 10511 | D:8      | Found a basalt altar of Yredelemnul.
 10739 | D:8      | Found a staircase to the Lair.
 10931 | D:9      | Noticed Pikel
 10945 | D:9      | Killed Pikel
 11273 | D:9      | Found a broken altar of Ashenzari.
 11559 | D:10     | Entered Level 10 of the Dungeon
 12252 | D:10     | Found a staircase to the Orcish Mines.
 12255 | D:10     | Reached ***** piety under Beogh
 12595 | D:10     | Noticed a two-headed ogre
 12605 | D:10     | Killed a two-headed ogre
 12606 | D:10     | Reached skill level 10 in Axes
 12606 | D:10     | Reached XP level 11. HP: 52/99 MP: 17/17
 13052 | D:11     | Noticed a two-headed ogre
 13060 | D:11     | Killed a two-headed ogre
 13061 | D:11     | Reached skill level 10 in Fighting
 13435 | Lair:1   | Entered Level 1 of the Lair of Beasts
 14621 | Lair:2   | Noticed an eight-headed hydra
 14623 | Lair:2   | Killed an eight-headed hydra
 14658 | Lair:2   | Gained Boderik as an ally
 14723 | Lair:2   | Reached skill level 10 in Invocations
 14730 | Lair:2   | Noticed a death yak
 14731 | Lair:2   | Noticed a death yak
 14733 | Lair:2   | Noticed a death yak
 14738 | Lair:2   | Killed a death yak
 14741 | Lair:2   | Killed a death yak
 14744 | Lair:2   | Killed a death yak
 14970 | Lair:2   | Acquired a +5 broad axe of draining
 15085 | Lair:2   | Found a staircase to the Shoals.
 15096 | Lair:2   | Gained Bogric as an ally
 15196 | Lair:2   | Noticed a seven-headed hydra
 15201 | Lair:2   | Killed a seven-headed hydra
 15677 | Lair:3   | Noticed a death yak
 15680 | Lair:3   | Noticed a death yak
 15680 | Lair:3   | Noticed a death yak
 15681 | Lair:3   | Noticed a death yak
 15684 | Lair:3   | Noticed a death yak
 15685 | Lair:3   | Killed a death yak
 15689 | Lair:3   | Killed a death yak
 15691 | Lair:3   | Killed a death yak
 15692 | Lair:3   | Reached XP level 12. HP: 103/110 MP: 20/20
 15693 | Lair:3   | Killed a death yak
 15693 | Lair:3   | Killed a death yak
 15963 | Lair:3   | Gained Korbok as an ally
 16114 | Lair:3   | Found a hole to the Spider Nest.
 16743 | Lair:4   | Reached skill level 10 in Armour
 16944 | Lair:4   | Found a staircase to the Slime Pits.
 16946 | Lair:4   | Found a viscous altar of Jiyva.
 17039 | Lair:4   | Reached ****** piety under Beogh
 17128 | Lair:5   | Entered Level 5 of the Lair of Beasts
 17160 | Lair:5   | Noticed a catoblepas
 17160 | Lair:5   | Noticed an eight-headed hydra
 17169 | Lair:5   | Killed a catoblepas
 17172 | Lair:5   | Killed an eight-headed hydra
 17398 | Lair:5   | Your ally Korbok died
 17424 | Lair:5   | Found a burning altar of Makhleb.
 17425 | Lair:5   | Noticed a sun demon
 17434 | Lair:5   | Killed a sun demon
 17435 | Lair:5   | Reached skill level 15 in Axes
 17435 | Lair:5   | Reached skill level 10 in Shields
 17442 | Lair:5   | Reached XP level 13. HP: 35/118 MP: 22/22
 17452 | Lair:5   | Found a gateway to Hell.
 18034 | Lair:5   | Acquired the +4 pair of gloves of Hospitality {rElec Will+}
 18389 | Lair:5   | Noticed an azure jelly
 18413 | Lair:5   | Killed an azure jelly
 18418 | Lair:5   | Gained Bogdan as an ally
 19047 | Orc:1    | Entered Level 1 of the Orcish Mines
 19047 | Orc:1    | Noticed an orc warlord
 19059 | Orc:1    | Killed an orc warlord
 19059 | Orc:1    | Gained Boldo as an ally
 19436 | Orc:2    | Entered Level 2 of the Orcish Mines
 19520 | Orc:2    | Found a staircase to the Elven Halls.
 19563 | Orc:2    | Found Uqegap's Book Shop.
 19603 | Orc:2    | Found a radiant altar of Vehumet.
 19609 | Orc:2    | Gained Nordag as an ally
 19621 | Orc:2    | Found Vasai's Antique Weapon Boutique.
 19637 | Orc:2    | Found an ancient bone altar of Kikubaaqudgha.
 19657 | Orc:2    | Found a roughly hewn altar of Beogh.
 19657 | Orc:2    | Found Retares's Book Shop.
 19725 | Orc:2    | Found Yptunoz's Magic Scroll Boutique.
 19987 | Orc:2    | Noticed Sonja
 20004 | Orc:2    | Killed Sonja
 21424 | D:11     | Identified the +0 ice dragon scales of the Archfiend {rF-
                  | rC++ Str+5}
 21428 | D:11     | Your ally Alork died
 21997 | D:12     | Reached XP level 14. HP: 125/129 MP: 24/24
 22280 | D:12     | Found a gate leading to a gauntlet.
 22333 | Gauntlet | Entered a Gauntlet
 22333 | Gauntlet | Found a transporter.
 22333 | Gauntlet | Found a runed translucent gate.
 22333 | Gauntlet | Found a runed translucent gate.
 22333 | Gauntlet | Found a runed translucent gate.
 22342 | Gauntlet | Found a transporter.
 22344 | Gauntlet | Found a transporter.
 22355 | Gauntlet | Found a transporter.
 22358 | Gauntlet | Found a transporter.
 22362 | Gauntlet | Found a runed translucent door.
 22363 | Gauntlet | Noticed a quicksilver ooze
 22364 | Gauntlet | Found a runed translucent door.
 22366 | Gauntlet | Found a transporter.
 22387 | Gauntlet | Found a transporter.
 22398 | Gauntlet | Found a transporter.
 22405 | Gauntlet | Found a runed translucent door.
 22411 | Gauntlet | Found a transporter.
 22429 | Gauntlet | Found a transporter.
 22443 | Gauntlet | Found a transporter.
 22443 | Gauntlet | Found a transporter.
 22492 | Gauntlet | Found a transporter.
 22500 | Gauntlet | Found a runed translucent door.
 22504 | Gauntlet | Found a runed translucent door.
 24863 | D:14     | Found a gate to the Vaults.
 25027 | D:14     | You fall into a shaft and drop 1 floor!
 25027 | D:15     | Entered Level 15 of the Dungeon
 25269 | D:14     | Reached skill level 5 in Dodging
 25269 | D:14     | Reached XP level 15. HP: 138/138 MP: 25/25
 26818 | D:15     | Found a staircase to the Depths.
 27369 | Shoals:1 | Entered Level 1 of the Shoals
 27376 | Shoals:1 | Reached skill level 15 in Invocations
 27383 | Shoals:1 | Reached XP level 16. HP: 111/147 MP: 27/27
 27391 | Shoals:1 | Gained Gorbash as an ally
 27723 | Shoals:1 | Found Dewixum's Antique Weapon Boutique.
 28112 | Shoals:1 | Gained Arbolt as an ally
 28968 | Shoals:1 | Reached skill level 15 in Fighting
 29880 | Shoals:2 | Identified the +1 leather armour of Dishonesty {Int+4 Dex+6
                  | Slay-2}
 31342 | Shoals:3 | Noticed a kraken
 31351 | Shoals:3 | Killed a kraken
 31648 | Shoals:3 | Found Isaj's Gadget Gallery.
 31673 | Shoals:3 | Bought a phantom mirror for 680 gold pieces
 32208 | Shoals:4 | Entered Level 4 of the Shoals
 32325 | Shoals:4 | Noticed Ilsuiw
 32337 | Shoals:4 | Your ally Nordag died
 32339 | Shoals:4 | Killed Ilsuiw
 32349 | Shoals:4 | Your ally Gorbash died
 32376 | Shoals:4 | Your ally Bogric died
 32388 | Shoals:4 | Reached XP level 17. HP: 46/157 MP: 29/29
 32446 | Shoals:4 | Your ally Bogdan died
 32469 | Shoals:4 | Got a barnacled rune of Zot
 32497 | Shoals:4 | Found a flickering gateway to a bazaar.
 32523 | Bazaar   | Entered a bazaar
 32524 | Bazaar   | Found Riubuw's General Store.
 32524 | Bazaar   | Found Vorch's Armour Emporium.
 32525 | Bazaar   | Found Quizu's General Store.
 32545 | Bazaar   | Bought a scroll of enchant armour for 60 gold pieces
 32556 | Bazaar   | Bought a scroll of enchant weapon for 82 gold pieces
 32574 | Bazaar   | Found Oleif's General Store.
 33653 | Spider:1 | Entered Level 1 of the Spider Nest
 33878 | Vaults:1 | Entered Level 1 of the Vaults
 34158 | Spider:1 | Noticed Mlioglotl
 34162 | Spider:1 | Noticed a tentacled starspawn
 34166 | Spider:1 | Killed Mlioglotl
 34348 | Spider:1 | Noticed Louise
 34371 | Spider:1 | Killed Louise
 34834 | Spider:1 | Noticed Frances
 34840 | Spider:1 | Killed Frances
 35420 | Spider:1 | Upgraded the game from 0.29.1-2-gbd0b4ee654 to
                  | 0.29.1-12-g30fa7ad0bf
 35420 | Spider:1 | Quit the game

Illustrated notes

Levels and vault maps discovered:
D:1:      giann_horns, layout_loops_ring,
          hellmonk_ecumenical_altar_prayer_group, fountainhead,
          chequers_hall_statues_corner_a
D:2:      layout_loops_corners, minmay_close_crescents
D:3:      cheibrodos_fertilizer, layout_loops_ring, uniq_natasha, uniq_ijyb
D:4:      minmay_chambers_of_threes, layout_loops_corners,
          nemelex_dance_club_becter, st_stairs_14
D:5:      layout_gridville, mainiacjoe_overflow_paths,
          nicolae_ru_sacrificial_ziggurat, minmay_temple_entry_hall,
          uniq_sigmund
D:6:      layout_basic, xom_redecorated, lemuel_round_altar
D:7:      layout_loops_ring, kennysheep_vampire_church,
          mainiacjoe_overflow_catwalk, amcnicky_altar_gilded,
          uniq_prince_ribbit1
D:8:      layout_gridville, dk_yredelemnul_ordeal, david_lair_shrubbed,
          st_stairs_8
D:9:      layout_cave_pools, cheibrodos_ashenzari_chains, uniq_pikel
D:10:     layout_irregular_city, kennysheep_orc_monster_closet_entryway
D:11:     minmay_the_grid_four_pointed_star
          [minmay_the_grid_triangle_9x9_descending_squares,
          minmay_the_grid_triangle_9x9_minimal,
          minmay_the_grid_triangle_9x9_sparse_checkered,
          minmay_the_grid_triangle_9x9_windchime,
          minmay_the_grid_prize_four_corners], layout_irregular_city
D:12:     layout_gridville, gauntlet_entry_generic
D:13:     layout_loops_ring, drop_trap, minmay_misc_feat_pillars,
          nicolae_looking_at_the_future
D:14:     nicolae_BIG_FREAKIN_CUBE, layout_cave_pools, david_vaults_1,
          nicolae_titane
D:15:     gammafunk_enter_depths_forms, layout_layer_cave, grunt_decor_clamped,
          ice2_lemuel
Lair:1:   layout_layer_cave, special_room
Lair:2:   layout_big_grid, minmay_shoals_entry_centaurs, grunt_megastairs_1
Lair:3:   layout_roguey, hellmonk_spider_entry_not_the_bees, minivault_27,
          beast_lair_carwin_9
Lair:4:   layout_hall_layers, slime_entry_1, minivault_23, grunt_megastairs_3
Lair:5:   evil_forest, layout_gridlike, bh_autumn_forest_stairs,
          nicolae_lair_lil_pond, nicolae_lair_time_for_slime
Shoals:1: layout_shoals, serial_shops, nicolae_shop_stone
Shoals:2: layout_shoals, centaur_isle
Shoals:3: layout_shoals, nicolae_shop_gadgets
Shoals:4: shoals_end_grunt_garden, layout_shoals, shoals_ilsuiw_alternative,
          serial_shops, freezing_bzr, hangedman_shoals_cup_caves
Spider:1: layout_spider_delve, uniq_mlioglotl, uniq_frances, uniq_louise
Orc:1:    layout_caves
Orc:2:    kennysheep_orc_mage_school, layout_caves, mines2_lemuel, uniq_sonja
Vaults:1: nicolae_vaults_mini_display_case, v_misc_2, hangedman_vaults_capsules,
          hangedman_vaults_slice, hangedman_vaults_stagger,
          nicolae_vaults_windows_and_doors_thing, st_smaller_cells,
          ontoclasm_vaults_gateway, nicolae_vaults_specimen_jars,
          vaults_room_semicircle, layout_vaults_ring,
          nicolae_trove_entry_columns

Skill      XL: |  1  2  3  4  5  6  7  8  9 10 11 12 13 14 15 16 17 |
---------------+----------------------------------------------------+-----
Fighting       | 4 5 6 7 8 9 11 12 13 14 15 16 | 16.3
Armour         | 1 2 3 4 5 6 8 9 10 11 12 14 | 14.6
Axes           | 5 6 7 10 12 15 17 | 17.6
Invocations    | 1 2 3 4 5 7 9 10 12 13 14 15 16 17 | 17.0
Shields        | 1 2 4 5 7 8 10 11 12 13 14 | 14.2
Maces & Flails | 2 4 |  4.7
Dodging        | 5 6 7 8 |  8.4
Evocations     | 4 |  4.1
Stealth        | |  1.7

Action                   |  1- 3 |  4- 6 |  7- 9 | 10-12 | 13-15 | 16-18 || total
-------------------------+-------+-------+-------+-------+-------+-------++-------
Melee: Hand axe          |   153 |    25 |       |       |       |       ||   178
       Punch             |     2 |     2 |     2 |     3 |       |       ||     9
       Mace              |       |   125 |   189 |       |       |       ||   314
       Flail             |       |       |    62 |   128 |       |       ||   190
       Broad axe         |       |       |       |    95 |   347 |   492 ||   934
Throw: Javelin           |     6 |     4 |       |       |       |       ||    10
       Dart              |       |       |     1 |       |       |       ||     1
       Boomerang         |       |       |       |       |       |     1 ||     1
Invok: Convert to Beogh  |       |     1 |       |       |       |       ||     1
       Smiting           |       |     1 |     2 |     3 |       |    15 ||    21
       Give Item to Name |       |       |       |     3 |     3 |     3 ||     9
       Recall Orcish Fol |       |       |       |     2 |     5 |     3 ||    10
       Stop Recall       |       |       |       |     2 |     3 |     1 ||     6
       Resurrection      |       |       |       |       |     1 |       ||     1
Evoke: Wand              |       |     6 |     1 |       |     4 |       ||    11
  Use: Scroll            |       |     5 |     2 |    20 |     8 |     6 ||    41
       Potion            |       |     1 |     5 |     8 |     2 |     8 ||    24
 Stab: Sleeping          |     4 |     6 |     1 |       |       |       ||    11
       Distracted        |       |       |     3 |     1 |    10 |     1 ||    15
       Invisible         |       |       |       |       |     1 |       ||     1
Armor: Robe              |     6 |       |       |       |       |       ||     6
       Leather armour    |    30 |    50 |    76 |       |       |       ||   156
       Plate armour      |       |       |    63 |   128 |   237 |   352 ||   780
       Shadow dragon sca |       |       |       |    63 |       |       ||    63
Dodge: Dodged            |    67 |    82 |   203 |   108 |    95 |   174 ||   729
Block: Kite shield       |       |       |       |    83 |   252 |   382 ||   717
